 Dungeon Crawl Stone Soup version 0.28-a0-224-g76b539d98b (webtiles) character file.

Game seed: 694856945470463596

382 Gargoyl the Skirmisher (level 6, -6/53 HPs)
             Began as a Gnoll Abyssal Knight on Aug 21, 2021.
             Was a Believer of Lugonu.
             Mangled by Pikel (13 damage)
             ... on level 5 of the Dungeon.
             The game lasted 00:05:09 (3993 turns).

Gargoyl the Skirmisher (Gnoll Abyssal Knight)       Turns: 3993, Time: 00:05:09

Health: -6/53      AC: 13    Str: 13    XL:     6   Next: 76%
Magic:  9/9        EV:  4    Int: 12    God:    Lugonu [**....]
Gold:   108        SH:  0    Dex: 11    Spells: 9/9 levels left

rFire   + . .      SeeInvis .   a - +1 hand axe (vorpal)
rCold   . . .      Faith    .   (no shield)
rNeg    . . .      Spirit   .   b - +0 plate armour
rPois   +          Reflect  .   k - +0 helmet
rElec   .          Harm     .   (no cloak)
rCorr   +          Rampage  .   (no gloves)
Will    .....                   (no boots)
Stlth   ..........              f - amulet of magic regeneration
HPRegen 0.17/turn               m - ring of Plog {rPois rF+ rCorr Slay+2}
MPRegen 0.36/turn               (no ring)

@: studying Evocations
A: fangs 1, strong nose, distributed training, screaming 1
a: Renounce Religion, Depart the Abyss, Bend Space


You were on level 5 of the Dungeon.
You worshipped Lugonu.
Lugonu was pleased with you.
You visited 1 branch of the dungeon, and saw 5 of its levels.
You visited the Abyss 1 time.

You collected 222 gold pieces.
You spent 114 gold pieces at shops.

Inventory:

Hand Weapons
 a - a +1 vorpal hand axe (weapon)
 j - a +0 war axe of flaming
Armour
 b - a +0 plate armour (worn)
 k - a +0 helmet (worn)
Jewellery
 f - an amulet of magic regeneration (around neck)
 m - the ring of Plog (left hand) {rPois rF+ rCorr Slay+2}
   (You found it on level 3 of the Dungeon)

   [ring of resist corrosion]

   Slay:      It affects your accuracy & damage with ranged weapons and melee
   (+2).
   rF:        It protects you from fire.
   rPois:     It protects you from poison.
   rCorr:     It protects you from acid and corrosion.
Scrolls
 c - 3 scrolls of identify
 d - a scroll of fear
 g - 2 scrolls of teleportation
 i - a scroll of fog
Potions
 e - a potion of lignification
 h - a potion of heal wounds {unknown}


   Skills:
 + Level 6.9 Fighting
 + Level 2.1 Short Blades
 + Level 2.1 Long Blades
 + Level 5.0 Axes
 + Level 2.1 Maces & Flails
 + Level 2.1 Polearms
 + Level 2.1 Staves
 + Level 2.1 Slings
 + Level 2.1 Bows
 + Level 2.1 Crossbows
 + Level 2.1 Throwing
 + Level 5.0 Armour
 + Level 3.3 Dodging
 + Level 2.1 Stealth
 + Level 2.1 Shields
 + Level 2.1 Unarmed Combat
 + Level 2.1 Spellcasting
 + Level 1.6 Conjurations
 + Level 1.6 Hexes
 + Level 1.6 Summonings
 + Level 1.6 Necromancy
 + Level 1.6 Translocations
 + Level 1.6 Transmutations
 + Level 1.6 Fire Magic
 + Level 1.6 Ice Magic
 + Level 1.6 Air Magic
 + Level 1.6 Earth Magic
 + Level 1.6 Poison Magic
 + Level 5.1 Invocations
 + Level 3.0 Evocations


You had 9 spell levels left.
You didn't know any spells.
Your spell library was empty.

Dungeon Overview and Level Annotations

Branches:
Dungeon (5/15)             Temple (0/1) D:4

Altars:

Shops:
D:3 ([?(   D:4 ?

Annotations:
D:5 Pikel


Innate Abilities, Weirdness & Mutations

You have very sharp teeth.
Your uncanny sense of smell can sniff out nearby items.
Your experience applies equally to all skills.
You occasionally shout uncontrollably at your foes.


Message History

There are monsters nearby!
There are monsters nearby!
Pikel the Slaver comes into view.
He is wielding a +0 whip of electrocution and carrying a wand of mindburst (15).
Pikel shouts!
The lemure shouts!
You hear a shout!
A lemure comes into view.
There is an open door here.
Pikel says, "Hell isn't that bad."
The lemure hits you but does no damage.
A lemure comes into view.
There is an open door here.
You hit the lemure.
The lemure is lightly wounded.
The lemure barely misses you.
You hit the lemure.
The lemure is moderately wounded.
The lemure shouts!
You hit Pikel.
Pikel is lightly wounded.
You completely miss the lemure. The lemure hits you.
Pikel hits you but does no damage.
You closely miss Pikel.
Pikel is lightly wounded.
You hit the lemure but do no damage. The lemure hits you but does no damage.
Pikel zaps a wand.
Your mind is blasted!
Ouch! That really hurt!
You slash Pikel! Your bite misses Pikel.
Pikel is moderately wounded.
You closely miss the lemure. The lemure hits you. Pikel barely misses you.
Unknown command.
You miss Pikel.
Pikel is moderately wounded.
You closely miss the lemure. The lemure hits you but does no damage.
Pikel zaps a wand.
Your mind is blasted!
* * * LOW HITPOINT WARNING * * *
The lemure hits you but does no damage.
Unknown command.
You completely miss Pikel. You bite Pikel, but do no damage.
Pikel is moderately wounded.
You hit the lemure. Pikel hits you but does no damage.
You are electrocuted!
You die...

##...##..###<..##.
#.................
#..[.............
#..............#
#..............#
#........[.....#
#..............#
#..............#
######....>####5@..#####+###
.....#.....#####K####......#
.....#......#...5..........+
.....'......#.....55.......#
<....#......#..............##.
.....#......+.................
.....#......#..........5...5..
.....#......#.................
.....#########################


You could see Pikel and 3 lemures.

Vanquished Creatures
  Sigmund (D:2)
  A phantom (D:4)
  Natasha (twice) (D:4)
  An orc wizard (D:3)
  2 adders
  7 orcs
  5 endoplasms
  A giant cockroach (D:2)
  4 goblins
  4 hobgoblins
  4 quokkas
  6 ball pythons
  5 bats
  A frilled lizard (D:1)
  5 kobolds
  2 rats
51 creatures vanquished.

Notes
Turn   | Place    | Note
-------+----------+-------------------------------------------
     0 | Abyss:1  | Gargoyl the Gnoll Abyssal Knight began the quest for the
                  | Orb.
     0 | Abyss:1  | Reached XP level 1. HP: 23/23 MP: 3/3
    50 | Abyss:2  | Noticed a wretched star
    51 | D:1      | Escaped the Abyss
   186 | D:1      | Reached * piety under Lugonu
   274 | D:1      | Found a faded altar of an unknown god.
   315 | D:1      | Reached XP level 2. HP: 25/29 MP: 5/5
  1051 | D:2      | Noticed Sigmund
  1350 | D:2      | Identified a scroll of acquirement
  1350 | D:2      | Acquired a manual of Evocations
  1566 | D:3      | Reached XP level 3. HP: 31/35 MP: 6/6
  1699 | D:2      | Killed Sigmund
  1700 | D:2      | Reached skill level 1 in Short Blades
  1700 | D:2      | Reached skill level 1 in Long Blades
  1700 | D:2      | Reached skill level 1 in Maces & Flails
  1700 | D:2      | Reached skill level 1 in Polearms
  1700 | D:2      | Reached skill level 1 in Staves
  1700 | D:2      | Reached skill level 1 in Slings
  1700 | D:2      | Reached skill level 1 in Bows
  1700 | D:2      | Reached skill level 1 in Crossbows
  1700 | D:2      | Reached skill level 1 in Throwing
  1700 | D:2      | Reached skill level 1 in Stealth
  1700 | D:2      | Reached skill level 1 in Shields
  1700 | D:2      | Reached skill level 1 in Unarmed Combat
  1700 | D:2      | Reached skill level 1 in Spellcasting
  1700 | D:2      | Reached skill level 1 in Conjurations
  1700 | D:2      | Reached skill level 1 in Hexes
  1700 | D:2      | Reached skill level 1 in Summonings
  1700 | D:2      | Reached skill level 1 in Necromancy
  1700 | D:2      | Reached skill level 1 in Translocations
  1700 | D:2      | Reached skill level 1 in Transmutations
  1700 | D:2      | Reached skill level 1 in Fire Magic
  1700 | D:2      | Reached skill level 1 in Ice Magic
  1700 | D:2      | Reached skill level 1 in Air Magic
  1700 | D:2      | Reached skill level 1 in Earth Magic
  1700 | D:2      | Reached skill level 1 in Poison Magic
  1700 | D:2      | Reached XP level 4. HP: 20/41 MP: 7/7
  1700 | D:2      | Reached XP level 5. HP: 23/47 MP: 8/8
  2497 | D:3      | Found Dyepoas's Magic Scroll Emporium.
  2511 | D:3      | Bought a scroll of teleportation for 36 gold pieces
  2622 | D:3      | Reached skill level 5 in Invocations
  2622 | D:3      | Reached XP level 6. HP: 24/53 MP: 9/9
  2840 | D:3      | Found Vibloergh's Armour Shoppe.
  2843 | D:3      | Bought a +0 chain mail for 45 gold pieces
  2945 | D:3      | Identified the ring of Plog {rPois rF+ rCorr Slay+2}
  3018 | D:3      | Found Degadeyf's Antique Weapon Shop.
  3268 | D:3      | Found Akhatsiu's Weapon Shoppe.
  3373 | D:3      | Found Haefol's Weapon Shop.
  3477 | D:4      | Gained mutation: You are clumsy. (Dex -2) [potion of
                  | mutation]
  3477 | D:4      | Gained mutation: You passively map a small area around you.
                  | [potion of mutation]
  3478 | D:4      | Lost mutation: You are clumsy. (Dex -2) [potion of
                  | mutation]
  3478 | D:4      | Lost mutation: You passively map a small area around you.
                  | [potion of mutation]
  3478 | D:4      | Gained mutation: You occasionally shout uncontrollably at
                  | your foes. [potion of mutation]
  3621 | D:4      | Found a staircase to the Ecumenical Temple.
  3690 | D:4      | Reached ** piety under Lugonu
  3691 | D:4      | Reached skill level 5 in Axes
  3691 | D:4      | Reached skill level 5 in Armour
  3770 | D:4      | Noticed Natasha
  3782 | D:4      | Killed Natasha
  3815 | D:4      | Found Agerigoebee's Magic Scroll Emporium.
  3822 | D:4      | Bought a scroll of teleportation for 33 gold pieces
  3854 | D:4      | Noticed Natasha
  3858 | D:4      | Killed Natasha
  3934 | D:5      | Entered Level 5 of the Dungeon
  3974 | D:5      | Noticed Pikel
  3993 | D:5      | Mangled by Pikel

Illustrated notes

Levels and vault maps discovered:
D:1:      roderic_crossed_star, layout_basic, chequers_ecumenical_altar_twisty
D:2:      layout_basic, uniq_sigmund
D:3:      layout_basic, serial_shops,
          nicolae_shop_temple_entry_statues_fountains, nicolae_shop_trees,
          nicolae_diamond_shop, shop, nicolae_shop_window_shopping, minivault_5
D:4:      layout_basic, minmay_temple_entry_purple_smoke, serial_shops,
          nicolae_square_shop, minmay_misc_feat_five, uniq_natasha
D:5:      layout_gridville, dancing_weapons_uskayaw, grunt_temple_overflow_open,
          uniq_pikel

Skill      XL: |  1  2  3  4  5  6 |
---------------+-------------------+-----
Short Blades   | 1 2 |  2.1
Long Blades    | 1 2 |  2.1
Maces & Flails | 1 2 |  2.1
Polearms       | 1 2 |  2.1
Staves         | 1 2 |  2.1
Slings         | 1 2 |  2.1
Bows           | 1 2 |  2.1
Crossbows      | 1 2 |  2.1
Throwing       | 1 2 |  2.1
Dodging        | 3 |  3.3
Stealth        | 1 2 |  2.1
Shields        | 1 2 |  2.1
Unarmed Combat | 1 2 |  2.1
Spellcasting   | 1 2 |  2.1
Conjurations   | 1 |  1.6
Hexes          | 1 |  1.6
Summonings     | 1 |  1.6
Necromancy     | 1 |  1.6
Translocations | 1 |  1.6
Transmutations | 1 |  1.6
Fire Magic     | 1 |  1.6
Ice Magic      | 1 |  1.6
Air Magic      | 1 |  1.6
Earth Magic    | 1 |  1.6
Poison Magic   | 1 |  1.6
Evocations     | 2 3 |  3.0
Invocations    | 5 |  5.1
Axes           | 5 |  5.0
Armour         | 5 |  5.0
Fighting       | |  6.9

Action                   |  1- 3 |  4- 6 || total
-------------------------+-------+-------++-------
Melee: Hand axe          |    63 |    91 ||   154
       Bite              |     2 |     5 ||     7
Invok: Depart the Abyss  |     1 |       ||     1
  Use: Scroll            |     9 |     1 ||    10
       Potion            |     1 |     2 ||     3
 Stab: Sleeping          |     1 |       ||     1
Armor: Leather armour    |    13 |    20 ||    33
       Skin              |     9 |       ||     9
       Plate armour      |       |    23 ||    23
       Chain mail        |       |    15 ||    15
Dodge: Dodged            |    39 |    49 ||    88

Table legend: (Time is in decaauts)
 A = Elapsed time spent in this place.
 B = Non-inter-level travel time spent in this place.
 C = Inter-level travel time spent in this place.
 D = Time resting spent in this place.
 E = Time spent auto-exploring this place.
 F = Levels seen in this place.
 G = Mean time per level.
                   A        B        C        D        E       F      G
               +--------+--------+--------+--------+--------+-----+--------+
         Total |   4004 |   3912 |     92 |    439 |   2702 |   7 |  572.0 |
       Dungeon |   3953 |   3861 |     92 |    439 |   2697 |   5 |  790.6 |
         Abyss |     50 |     50 |      0 |      0 |      5 |   2 |   25.0 |
               +--------+--------+--------+--------+--------+-----+--------+

Top non-repeatable levels by time:
     D:1: 1242 daAuts
     D:3: 1199 daAuts
     D:2: 992 daAuts
     D:4: 460 daAuts
     D:5: 59 daAuts
 Abyss:1: 37 daAuts
 Abyss:2: 13 daAuts
